 Dungeon Crawl Stone Soup version 0.31-a0-466-g98c9adc2b6 (webtiles) character file.

Game seed: 8377849035472045852

180 Anon1729 the Trooper (level 4, -1/41 HPs)
             Began as a Minotaur Monk on Aug 5, 2023.
             Was a Follower of Ru.
             Slain by an adder (3 damage)
             ... on level 4 of the Dungeon.
             The game lasted 00:01:36 (2887 turns).

Anon1729 the Trooper (Minotaur Monk)                Turns: 2887, Time: 00:01:37

Health: -1/41      AC:  3    Str: 15    XL:     4   Next: 33%
Magic:  4/4        EV: 13    Int:  7    God:    Ru [*.....]
Gold:   104        SH:  0    Dex: 15    Spells: 3/3 levels left

rFire   . . .        t - +0 dagger (venom)
rCold   . . .        d - orb {light}
rNeg    . . .        b - +0 robe
rPois   .            (helmet restricted)
rElec   .            s - +0 cloak
rCorr   +            (no gloves)
SInv    .            (no boots)
Will    .....        e - amulet of magic regeneration
Stlth   +            i - ring of resist corrosion
HPRegen 0.26/turn    (no ring)
MPRegen 0.49/turn

%: no passive effects
@: glowing
A: horns 2, inexperienced 1, retaliatory headbutt
a: Renounce Religion


You were on level 4 of the Dungeon.
You worshipped Ru.
Ru was aware of your devotion.
You visited 1 branch of the dungeon, and saw 5 of its levels.

You collected 104 gold pieces.

Inventory:

Hand Weapons
 a - a +0 short sword
 q - a +1 dagger of flaming
 t - a +0 dagger of venom (weapon)
Missiles
 r - 3 poisoned darts
Armour
 b - a +0 robe (worn)
 d - an orb of light (worn)
 s - a +0 cloak (worn)
Jewellery
 e - an amulet of magic regeneration (around neck)
 i - a ring of resist corrosion (left hand)
 n - a ring of ice
Scrolls
 c - a scroll of immolation {unknown}
 g - a scroll of fear {unknown}
 h - a scroll of amnesia {unknown}
 k - 4 scrolls of identify {unknown}
 o - a scroll of teleportation {unknown}
 p - a scroll of butterflies {unknown}
Potions
 f - a potion of heal wounds {unknown}
 j - 2 potions of haste {unknown}
 l - a potion of might {unknown}
 m - 2 potions of brilliance {unknown}


   Skills:
 + Level 4.6 Fighting
 + Level 4.2 Short Blades
 + Level 2.4 Armour
 + Level 4.1 Dodging
 + Level 2.0 Invocations


You had 3 spell levels left.
You didn't know any spells.
Your spell library contained the following spells:

 Spells                   Type           Power      Damage    Failure   Level
 Necrotise                Necr           0%         1d4       43%         1
 Slow                     Hex            0%         N/A       43%         1
 Confusing Touch          Hex            0%         N/A       80%         3
 Vampiric Draining        Necr           0%         2d6       80%         3
 Agony                    Necr           0%         N/A       100%        5


Dungeon Overview and Level Annotations

Branches:
Dungeon (5/15)
 Temple: D:4-7

Altars:
Hepliaklqana
Ru
Wu Jian

Annotations:
D:3 1 runed translucent door, Voda's ghost, amateur MfGl


Innate Abilities, Weirdness & Mutations

You have a pair of horns on your head.
You are somewhat inexperienced. (-1 XL)
You reflexively headbutt those who attack you in melee.


Message History

You are too injured to fight recklessly!
You are too injured to fight recklessly!
You are too injured to fight recklessly!
The adder closely misses you.
The gargoyle begins to attack, but is stunned by your conviction!
The adder bites you.
* * * LOW HITPOINT WARNING * * *
You are poisoned.
The adder poisons you!
You feel sick.
The black bear attacks as you move away!
The black bear barely misses you. You furiously retaliate!
You headbutt the black bear. The black bear claws you.
* * * LOW HITPOINT WARNING * * *
The black bear claws you.
* * * LOW HITPOINT WARNING * * *
You feel sick.
The gargoyle begins to attack, but is stunned by your conviction!
The black bear goes berserk!
The adder bites you.
* * * LOW HITPOINT WARNING * * *
The adder attacks as you move away! The adder bites you but does no damage.
You feel sick.
There is a stone staircase leading up here.
You feel sick.
You are no longer poisoned.
The adder bites you.
* * * LOW HITPOINT WARNING * * *
You climb upwards.
Found 12 gold pieces and 2 throwing nets.
There is a stone staircase leading down here.
The endoplasm quivers.
You hit the adder but do no damage.
The adder is poisoned.
The adder bites you.
* * * LOW HITPOINT WARNING * * *
The adder attacks as you move away!
The adder is stunned by your conviction and fails to attack.
You hit the adder.
The adder looks as sick as possible!
You headbutt the adder.
The adder is moderately wounded.
The adder closely misses you. You furiously retaliate!
You headbutt the adder. The adder bites you.
You die...

#. .. .# #.# .$#
..# . ###.###
....###.S...#
.......@#......#
.#......#....#..
..##..#...##..#
##..#### .# # (
# #. .. ..


You could see an adder (extremely poisoned).

Vanquished Creatures
  Terence (D:2)
  Natasha (twice) (D:2)
  An orc wizard (D:3)
  3 adders
  A worm (D:2)
  2 orcs (D:3)
  4 endoplasms
  A giant cockroach (D:1)
  2 goblins (D:1)
  4 hobgoblins
  2 jackals (D:2)
  10 kobolds
  A quokka (D:1)
  8 ball pythons
  5 bats
  4 rats
51 creatures vanquished.

Notes
Turn   | Place    | Note
-------+----------+-------------------------------------------
     0 | D:1      | Anon1729 the Minotaur Monk began the quest for the Orb.
     0 | D:1      | Reached XP level 1. HP: 19/19 MP: 0/0
   192 | D:1      | Reached XP level 2. HP: 25/27 MP: 1/1
   430 | D:1      | Reached skill level 1 in Armour
   873 | D:2      | Noticed Natasha
   880 | D:2      | Killed Natasha
   881 | D:2      | Reached skill level 1 in Invocations
   881 | D:2      | Reached XP level 3. HP: 15/33 MP: 2/2
  1156 | D:2      | Noticed Natasha
  1163 | D:2      | Killed Natasha
  1164 | D:2      | Reached XP level 4. HP: 30/40 MP: 2/4
  1244 | D:2      | Noticed Terence
  1277 | D:2      | Killed Terence
  1547 | D:2      | Found a sacrificial altar of Ru.
  1669 | D:2      | Found a faded altar of an unknown god.
  1844 | D:2      | Became a worshipper of Ru the Awakened
  1861 | D:2      | Gained mutation: You are somewhat inexperienced. (-1 XL)
                  | [Ru sacrifice]
  1861 | D:2      | Reached XP level 3. HP: 34/34 MP: 3/3
  1861 | D:2      | Reached * piety under Ru
  2115 | D:3      | Found a runed translucent door.
  2116 | D:3      | Noticed a bullfrog
  2120 | D:3      | Reached XP level 4. HP: 41/41 MP: 4/4
  2130 | D:3      | Noticed Voda's ghost (amateur MfGl)
  2325 | D:3      | Found a hazy altar of Hepliaklqana.
  2588 | D:3      | Found an ornate altar of the Wu Jian Council.
  2864 | D:4      | You fall into a shaft and drop 1 floor!
  2864 | D:5      | Entered Level 5 of the Dungeon
  2867 | D:5      | Noticed a black bear
  2873 | D:5      | Noticed a gargoyle
  2873 | D:5      | Noticed an ogre
  2883 | D:5      | HP: 2/41 [adder (3)]
  2887 | D:4      | Slain by an adder

Illustrated notes

Levels and vault maps discovered:
D:1:      dpeg_arrival_pits, layout_basic, hex_tiny
D:2:      layout_loops_corners, dreamdust_ecumenical_altar_hidden_monk_grotto,
          basic_altar, uniq_natasha, uniq_terence
D:3:      layout_loops_ring, mainiacjoe_overflow_alcove_2, lemuel_doored_altar,
          ebering_ghost_sewer_d
D:4:      layout_cave_pods, kennysheep_mini_moat, minmay_temple_entry_wispy,
          supply_closet_lemuel, serial_bayou_pond_c, sigmund_army
D:5:      layout_rooms, okawaru_altar_gauntlet_db

Skill      XL: |  1  2  3  4 |
---------------+-------------+-----
Armour         | 1 2 |  2.4
Fighting       | 4 |  4.6
Invocations    | 1 2 |  2.0
Short Blades   | 4 |  4.2
Dodging        | 4 |  4.1

Action                     |  1- 3 |  4- 6 || total
---------------------------+-------+-------++-------
  Melee: Short sword       |    87 |    47 ||   134
         Headbutt          |    23 |    15 ||    38
         Dagger            |       |    12 ||    12
 Invoke: Sacrifice Experie |     1 |       ||     1
    Use: Potion            |       |     1 ||     1
 Armour: Robe              |    11 |     7 ||    18
  Dodge: Dodged            |    50 |    34 ||    84

Table legend: (Time is in decaauts)
 A = Elapsed time spent in this place.
 B = Non-inter-level travel time spent in this place.
 C = Inter-level travel time spent in this place.
 D = Time resting spent in this place.
 E = Time spent auto-exploring this place.
 F = Levels seen in this place.
 G = Mean time per level.
                   A        B        C        D        E       F      G
               +--------+--------+--------+--------+--------+-----+--------+
         Total |   2875 |   2666 |    209 |    128 |   2202 |   5 |  575.0 |
       Dungeon |   2875 |   2666 |    209 |    128 |   2202 |   5 |  575.0 |
               +--------+--------+--------+--------+--------+-----+--------+

Top non-repeatable levels by time:
     D:2: 1184 daAuts
     D:3: 922 daAuts
     D:1: 680 daAuts
     D:4: 69 daAuts
     D:5: 18 daAuts
